 Seeded DCSS version 0.28.0-45-g0d030f2227 (webtiles) character file.

Game seed: 18446744073709551615 (custom seed)

5586 thiscave3701365 the Cleaver (level 10, -4/89 (90) HPs)
             Began as a Hill Orc Berserker on Apr 12, 2022.
             Was a Priest of Trog.
             Slain by a gnoll
             ... wielding a +1 halberd of electrocution
              (18 damage)
             ... in a bailey on Apr 13, 2022.
             The game lasted 00:09:32 (9625 turns).

thiscave3701365 the Cleaver (Hill Orc Berserker)    Turns: 9625, Time: 00:09:33

HP:   -4/89 (90)    AC: 18    Str: 25    XL:     10   Next: 72%
MP:   10/10         EV:  8    Int:  7    God:    Trog [***...]
Gold: 306           SH:  8    Dex: 10    Spells: 9/9 levels left

rFire   . . .      SeeInvis .   A - +2 hand axe
rCold   . . .      Faith    .   w - +0 kite shield
rNeg    + . .      Spirit   .   h - +0 chain mail {rN+}
rPois   .          Reflect  .   (no helmet)
rElec   .          Harm     .   g - +2 cloak
rCorr   .          Rampage  .   (no gloves)
Will    .....                   o - +2 pair of boots
Stlth   ..........              (no amulet)
HPRegen 0.24/turn               f - ring of flight
MPRegen 0.12/turn               (no ring)

@: on berserk cooldown, flying, hasted and slowed, lightly drained
A: no striking features
a: Renounce Religion, Berserk, Trog's Hand


You were in a bailey.
You worshipped Trog.
Trog was most pleased with you.
You visited 1 branch of the dungeon, and saw 8 of its levels.
You also visited: Bailey.

You collected 306 gold pieces.

Inventory:

Hand Weapons
 r - the +1 dagger "Goblinslayer" {spect, *Noise Fly rN+ Dex+4}
   (You found it on level 4 of the Dungeon)

   When its wielder attacks, the weapon's spirit leaps out and strikes again.
   The spirit shares a part of any damage it takes with its wielder.
   Dex:       It affects your dexterity (+4).
   rN:        It protects you from negative energy.
   Fly:       It grants you flight.
   *Noise:    It may make noises in combat.
 A - a +2 hand axe (weapon)
Missiles
 d - 5 throwing nets
Armour
 g - a +2 cloak (worn)
 h - a +0 chain mail of positive energy (worn)
 o - a +2 pair of boots (worn)
 w - a +0 kite shield (worn)
 F - a scarf of repulsion
Jewellery
 c - a ring of ice
 f - a ring of flight (left hand)
 B - an amulet of faith
Wands
 t - a wand of iceblast (14)
 y - a wand of flame (15)
Scrolls
 k - a scroll of enchant armour {unknown}
 m - a scroll of fear {unknown}
 n - a scroll of holy word {unknown}
 p - 6 scrolls of identify {unknown}
 q - a scroll of amnesia {unknown}
 s - a scroll of fog {unknown}
 u - a scroll of blinking {unknown}
 v - a scroll of brand weapon {unknown}
 D - a scroll of enchant weapon {unknown}
Potions
 a - a potion of cancellation {unknown}
 b - 2 potions of brilliance {unknown}
 e - 2 potions of heal wounds {unknown}
 i - 2 potions of haste
 j - a potion of degeneration {unknown}
 l - 2 potions of curing {unknown}
 x - 2 potions of berserk rage {unknown}
 z - a potion of ambrosia {unknown}
 C - a potion of might {unknown}
 E - a potion of flight {unknown}
Miscellaneous
 G - a piece from Xom's chessboard (15/15)


   Skills:
 + Level 8.7 Fighting
 + Level 13.5 Axes
 + Level 9.2 Armour
 + Level 3.8 Dodging
 + Level 1.3 Stealth
 + Level 4.1 Shields


You had 9 spell levels left.
You didn't know any spells.
Your spell library was empty.

Dungeon Overview and Level Annotations

Branches:
Dungeon (8/15)             Temple (0/1) D:7          Bailey (1/1)
   Lair: D:8-11

Altars:
Beogh

Shops:
D:7 (


Message History

The gnoll hits you but does no damage. You block the orc's attack.
The orc hits you but does no damage. The gnoll barely misses you.
You block the orc's attack.
The orc hits you from afar with a +0 halberd.
The gnoll hits you from afar with a +1 halberd of electrocution.
You are electrocuted!
The orc hits you but does no damage. The orc barely misses you.
The gnoll hits you from afar with a +1 halberd of electrocution.
There is an empty arch of ancient stone, spattered with blood here.
You reach down and close the door.
A gnoll opens the door.
The gnoll hits you with a +1 halberd of electrocution.
The orc hits you but does no damage. The gnoll hits you but does no damage.
You partially resist. The orc completely misses you. x2
There is an open door, spattered with blood here.
You closely miss the gnoll.
The gnoll hits you from afar with a +0 halberd of draining!
You partially resist.
You feel drained. The orc hits you but does no damage.
The gnoll hits you with a +1 halberd of electrocution.
The orc hits you but does no damage. You block the gnoll's attack.
You barely miss the gnoll. The orc hits you but does no damage.
The orc hits you from afar with a +0 spear.
The gnoll hits you but does no damage. You partially resist.
You completely miss the gnoll. The orc hits you but does no damage.
The gnoll hits you with a +1 halberd of electrocution!
You are electrocuted!
* * * LOW HITPOINT WARNING * * *
The orc hits you but does no damage. The gnoll closely misses you.
The orc hits you but does no damage.
Okay, then.
It was a potion of haste.
You feel yourself speed up. You block the gnoll's attack.
The orc hits you but does no damage. The gnoll closely misses you.
The orc closely misses you. The orc completely misses you.
Okay, then.
Okay, then.
You slash the gnoll!
The gnoll is severely wounded.
The gnoll barely misses you. You block the orc's attack.
The gnoll hits you but does no damage.
You are electrocuted!!
You die...

## #.#
+##+##'#
#....!#
##.....###
'..∩..'.#
#og...#
##go...#
##@##'##'#
#∩## # ###


You could see 2 gnolls and 2 orcs.

Vanquished Creatures
  Harold (D:7)
  Pikel (D:7)
  A cyclops (D:7)
  Maggie (D:7)
  The ghost of WindUpCitrus the Skirmisher, an amateur NaFi of Okawaru (D:5)
  A troll (D:7)
  Grinder (D:3)
  Sigmund (D:2)
  2 vampire mosquitoes (D:8)
  A steam dragon (D:6)
  Edmund (D:6)
  2 water moccasins (D:7)
  Duvessa (D:6)
  2 necrophages
  An orc warrior (D:8)
  A black bear (D:5)
  An ice beast (D:6)
  A sky beast (D:6)
  3 ogres
  3 centaurs
  Blork the orc (D:4)
  2 lemures (D:7)
  A bullfrog (D:6)
  A scorpion (D:4)
  Dowan (D:6)
  6 wights
  A centaur zombie (D:7)
  2 orc priests
  3 hounds
  2 jellies
  Jessica (D:3)
  2 centaur skeletons (D:7)
  4 iguanas
  6 orc wizards
  A killer bee zombie (D:6)
  A mummy (D:5)
  4 gnolls (D:4)
  A howler monkey skeleton (D:6)
  5 adders
  2 ufetubi
  An adder zombie (D:4)
  An adder skeleton (D:4)
  A worm (D:2)
  2 dart slugs (D:1)
  34 orcs
  3 bats
  3 endoplasms
  3 giant cockroaches
  8 goblins
  6 hobgoblins
  4 kobolds
  3 quokkas
  5 ball pythons
  3 frilled lizards (D:1)
  A kobold zombie (D:5)
  3 orc zombies (D:5)
  3 rats
158 creatures vanquished.

Notes
Turn   | Place    | Note
-------+----------+-------------------------------------------
     0 | D:1      | thiscave3701365 the Hill Orc Berserker began the quest for
                  | the Orb.
     0 | D:1      | Reached XP level 1. HP: 19/19 MP: 1/1
   130 | D:1      | Found a faded altar of an unknown god.
   396 | D:1      | Reached XP level 2. HP: 19/27 MP: 2/2
  1129 | D:1      | Reached XP level 3. HP: 33/33 MP: 3/3
  1416 | D:2      | Reached skill level 5 in Axes
  1507 | D:2      | Noticed Sigmund
  1520 | D:2      | Killed Sigmund
  1521 | D:2      | Reached skill level 5 in Fighting
  1521 | D:2      | Reached skill level 6 in Axes
  1521 | D:2      | Reached XP level 4. HP: 42/42 MP: 4/4
  1521 | D:2      | Reached XP level 5. HP: 48/48 MP: 5/5
  1921 | D:3      | Reached XP level 6. HP: 49/56 MP: 6/6
  2102 | D:3      | Reached ** piety under Trog
  2103 | D:3      | Noticed Grinder
  2115 | D:3      | Killed Grinder
  2116 | D:3      | Reached skill level 7 in Axes
  2116 | D:3      | Reached XP level 7. HP: 61/61 MP: 7/7
  2438 | D:3      | Noticed Jessica
  2446 | D:3      | Killed Jessica
  2447 | D:3      | Reached skill level 8 in Axes
  2882 | D:4      | Noticed Blork the orc
  2897 | D:4      | Killed Blork the orc
  4014 | D:4      | Identified the +1 dagger "Goblinslayer" {spect, *Noise Fly
                  | rN+ Dex+4}
  4032 | D:5      | Entered Level 5 of the Dungeon
  4145 | D:5      | Found a runed translucent gate.
  4145 | D:5      | Noticed WindUpCitrus's ghost (amateur NaFi)
  4146 | D:5      | Found a runed translucent gate.
  4147 | D:5      | Found a runed translucent gate.
  4261 | D:5      | Reached XP level 8. HP: 58/70 MP: 8/8
  4269 | D:5      | Reached skill level 9 in Axes
  4477 | D:5      | Reached skill level 5 in Armour
  4545 | D:5      | HP: 3/105 [ogre/+0 giant club (26)]
  5586 | D:5      | Found a roughly hewn altar of Beogh.
  5763 | D:6      | Noticed Edmund
  5799 | D:6      | Killed Edmund
  5800 | D:6      | Reached skill level 10 in Axes
  6292 | D:6      | Noticed Duvessa
  6292 | D:6      | Noticed Dowan
  6304 | D:6      | Killed Duvessa
  6305 | D:6      | Reached skill level 1 in Shields
  6305 | D:6      | Reached XP level 9. HP: 79/79 MP: 9/9
  6306 | D:6      | Killed Dowan
  6391 | D:6      | Reached *** piety under Trog
  6613 | D:6      | Reached skill level 11 in Axes
  7428 | D:7      | Found a staircase to the Ecumenical Temple.
  7485 | D:7      | Noticed Harold
  7508 | D:7      | Killed Harold
  7509 | D:7      | Reached skill level 1 in Stealth
  7524 | D:7      | Reached skill level 12 in Axes
  7920 | D:7      | Found Ekhlum's Weapon Shoppe.
  7935 | D:7      | Noticed Maggie
  7947 | D:7      | Killed Maggie
  7948 | D:7      | Reached XP level 10. HP: 88/88 MP: 10/10
  7989 | D:7      | Noticed Pikel
  8004 | D:7      | Killed Pikel
  8200 | D:7      | Noticed a cyclops
  8211 | D:7      | Reached skill level 13 in Axes
  8212 | D:7      | Killed a cyclops
  8584 | D:5      | Killed WindUpCitrus's ghost
  9587 | D:8      | Found a flagged portal.
  9600 | Bailey   | Entered a bailey
  9625 | Bailey   | Slain by a gnoll

Illustrated notes

Levels and vault maps discovered:
D:1:      matt_arrival_refuge, layout_basic, ebering_ecumenical_altar_hall
D:2:      layout_rooms, uniq_sigmund
D:3:      layout_loops_cross, uniq_jessica, uniq_grinder
D:4:      layout_basic, uniq_blork_the_orc
D:5:      layout_basic, biasface_ghost_orc_armoury, minmay_mini_ossuary
D:6:      layout_basic, uniq_duvessa, uniq_edmund
D:7:      layout_rooms, minmay_temple_entry_trees, serial_shops,
          nicolae_shop_behind_doors, minmay_small_thing, uniq_pikel,
          uniq_harold, uniq_maggie
D:8:      layout_rooms, david_lair_shrubbed, serial_shops, shop, enter_bailey_3,
          moated_statue, ebering_dispersal_statue_hall,
          hellmonk_bongcloud_opening, kennysheep_flooded_box
Bailey:   bailey_polearm_nasty_gnolls, bailey

Skill      XL: |  1  2  3  4  5  6  7  8  9 10 |
---------------+-------------------------------+-----
Fighting       | 4 5 6 7 8 |  8.7
Axes           | 6 7 8 10 12 13 | 13.5
Dodging        | 2 3 |  3.8
Armour         | 3 4 6 8 9 |  9.2
Shields        | 1 3 4 |  4.1
Stealth        | 1 |  1.3

Action                   |  1- 3 |  4- 6 |  7- 9 | 10-12 || total
-------------------------+-------+-------+-------+-------++-------
Melee: Hand axe          |   102 |    37 |   386 |   132 ||   657
       Punch             |       |       |     3 |       ||     3
Invok: Berserk           |     1 |     1 |    14 |     7 ||    23
  Use: Potion            |       |       |       |     1 ||     1
Armor: Animal skin       |    13 |       |       |       ||    13
       Chain mail        |    20 |    17 |   165 |   114 ||   316
Dodge: Dodged            |    58 |    16 |   115 |    70 ||   259
Block: Kite shield       |       |       |    63 |    79 ||   142
